Map: Post-Youth LE

Players

Fullheart

  • Race: Protoss Protoss
  • Spawn Location: 1:00

ByuN - Winner!

  • Race: Terran Terran
  • Spawn Location: 7:00

Event: ESL Spring 2024 Finals

VOD

Have the link to the VOD?

Description

Time

  • Played on: May 31, 2024, 5:25 p.m.
  • Length: 3:13

All games in this series

Show
View Real Time Build Order
Export as new Build Order

Fullheart Protoss 

Build Orders:  

Get SALT Encoding   

  12  0:01  Probe  
  13  0:13  Probe  
  14  0:25  Pylon  
  14  0:27  Probe  
  15  0:43  Gateway  
  15  0:47  Gateway  
  15  0:51  Probe  
  16  1:03  Forge  
  16  1:32  Zealot (Chrono Boost)  
  18  1:35  Zealot (Chrono Boost)  
  18  1:39  Pylon  
  20  1:47  Pylon  
  20  1:53  Zealot (Chrono Boost)  
  20  1:56  Zealot  
  23  2:09  Photon Cannon  
  23  2:18  Photon Cannon  
  23  2:20  Zealot (Chrono Boost)  
  19  2:35  Zealot (Chrono Boost)  
  21  2:41  Zealot  
  22  3:00  Probe  
  21  3:06  Photon Cannon  
Show
View Real Time Build Order
Export as new Build Order

ByuN Terran - Winner!

Build Orders: Cyclone Opening 

Get SALT Encoding   

  12  0:00  SCV  
  13  0:12  SCV  
  14  0:17  Supply Depot  
  14  0:24  SCV  
  15  0:38  SCV  
  15  0:40  Barracks  
  16  0:44  Refinery  
  16  0:50  SCV  
  16  0:54  Refinery  
  17  1:03  SCV  
  18  1:15  SCV  
  19  1:27  Orbital Command, Reaper  
  19  1:29  Supply Depot  
  20  1:42  Factory  
  20  1:54  SCV  
  21  1:59  Marine  
  22  2:05  Bunker  
  22  2:07  SCV  
  22  2:19  Marine  
  19  2:35  Cyclone  
  21  2:40  Marine  
  21  2:43  SCV  
  23  2:55  SCV  
Tags
 
Add a new tag
Caveats
  • Supply blocks, unpowered buildings, or Contaminate may cause inaccurate times.
  • Supply counts are checked every 10 seconds.